 Dungeon Crawl Stone Soup version 0.27.0-1-g7a089689b8 (webtiles) character file.

Game seed: 9669027667898867423

5388 Spaninq the Martial Artist (level 10, -14/77 HPs)
             Began as a Demonspawn Transmuter on Aug 8, 2021.
             Was an Elder of Kikubaaqudgha.
             Demolished by a two-headed ogre (21 damage)
             ... on level 9 of the Dungeon.
             The game lasted 00:27:51 (9688 turns).

Spaninq the Martial Artist (Demonspawn Transmuter)  Turns: 9688, Time: 00:27:53

Health: -14/77     AC:  9    Str: 12    XL:     10   Next: 39%
Magic:  16/17      EV: 14    Int: 16    God:    Kikubaaqudgha [****..]
Gold:   489        SH:  4    Dex: 14    Spells: 13/19 levels left

rFire    . . .     SeeInvis .     - Unarmed
rCold    . . .     Faith    .   (no shield)
rNeg     . . .     Spirit   .   c - +2 robe of Vines {NoPotionHeal Regen+++}
rPois    .         Reflect  .   (helmet restricted)
rElec    .         Harm     .   u - +0 cloak
rCorr    .         Rampage  .   p - +0 pair of gloves
Will     .....                  (no boots)
Stlth    +.........             (no amulet)
HPRegen  3.22/turn              t - ring of wizardry
MPRegen  0.15/turn              (no ring)

@: marked, wereblooded
A: horns 2, slimy green scales 2, condensation shield
a: Renounce Religion, Receive Corpses


You were on level 9 of the Dungeon.
You worshipped Kikubaaqudgha.
Kikubaaqudgha was greatly pleased with you.
You visited 2 branches of the dungeon, and saw 10 of its levels.

You collected 1679 gold pieces.
You spent 1190 gold pieces at shops.

Inventory:

Hand Weapons
 m - a +2 hand axe of flaming
Missiles
 q - 4 throwing nets
Armour
 c - the +2 robe of Vines (worn) {NoPotionHeal Regen+++}
   (You bought it in a shop on level 5 of the Dungeon)

   Its wearer cannot be healed by potions.
   Regen:     It increases your rate of health regeneration.
 f - a +2 leather armour of poison resistance
 k - a +0 chain mail
 p - a +0 pair of gloves (worn)
 u - a +0 cloak (worn)
Jewellery
 t - a ring of wizardry (left hand)
Wands
 a - a wand of flame (19)
 d - a wand of polymorph (4)
 g - a wand of paralysis (12)
 l - a wand of digging (4)
Scrolls
 b - 3 scrolls of teleportation
 e - a scroll of fog
 s - 2 scrolls of fear
 v - a scroll of identify
 x - a scroll of amnesia
Potions
 h - a potion of haste
 i - a potion of invisibility {unknown}
 j - a potion of berserk rage {unknown}
 n - 3 potions of curing
 o - 2 potions of resistance
 r - 2 potions of flight
 w - 3 potions of mutation
 z - a potion of lignification {unknown}


   Skills:
 + Level 6.3 Fighting
 + Level 6.0 Dodging
 * Level 8.8 Unarmed Combat
 + Level 5.2 Spellcasting
 + Level 6.0 Transmutations
 - Level 3.0 Poison Magic


You had 13 spell levels left.
You knew the following spells:

 Your Spells              Type           Power      Damage    Failure   Level
a - Beastly Appendage     Tmut           46%        N/A       1%          1
b - Wereblood             Tmut           23%        N/A       1%          2
c - Spider Form           Tmut/Pois      9%         N/A       2%          3

Your spell library contained the following spells:

 Spells                   Type           Power      Damage    Failure   Level
 Sting                    Tmut/Pois      72%        1d6       1%          1
 Poisonous Vapours        Pois/Air       16%        N/A       4%          2
 Animate Skeleton         Necr           8%         N/A       6%          1
 Magic Dart               Conj           16%        1d3       6%          1
 Pain                     Necr           16%        1d4       6%          1
 Blink                    Tloc           N/A        N/A       9%          2
 Corpse Rot               Necr/Air       N/A        N/A       9%          2
 Searing Ray              Conj           8%         3d3       9%          2
 Sublimation of Blood     Necr           2%         N/A       9%          2
 Ice Form                 Ice/Tmut       13%        N/A       16%         4
 Vampiric Draining        Necr           2%         2d6       17%         3
 Olgreb's Toxic Radiance  Pois           13%        N/A       17%         4
 Dispel Undead            Necr           4%         3d7       50%         4
 Fulminant Prism          Conj/Hex       2%         3d6       50%         4
 Agony                    Necr           4%         N/A       82%         5
 Borgnjor's Vile Clutch   Necr/Erth      2%         N/A       82%         5
 Manifold Assault         Tloc           4%         N/A       82%         5
 Death Channel            Necr           2%         N/A       100%        6
 Simulacrum               Ice/Necr       2%         N/A       100%        6
 Storm Form               Tmut/Air       6%         N/A       100%        7


Dungeon Overview and Level Annotations

Branches:
Dungeon (9/15)             Temple (1/1) D:6
   Lair: D:8-11         Orc: D:9-12

Altars:
Ashenzari
Cheibriados
Dithmenos
Elyvilon
Fedhas
Gozag
Hepliaklqana
Kikubaaqudgha
Nemelex Xobeh
Okawaru
Qazlal
Ru
Sif Muna
Trog
Uskayaw
Vehumet
Wu Jian
Xom
Yredelemnul
Zin
The Shining One

Shops:
D:5 (*[   D:7 [

Annotations:
D:7 exclusion: door


Innate Abilities, Weirdness & Mutations

You have a pair of horns on your head.
You are mostly covered in slimy green scales. (AC +3)
A meltable shield of frost defends you. (SH +4)


Message History

You punch the kobold brigand.
The kobold brigand is severely wounded.
The two-headed ogre barely misses you. The two-headed ogre misses you.
The kobold brigand misses you.
You miss the kobold brigand. Your kick misses the kobold brigand.
The kobold brigand is severely wounded.
You miss the kobold brigand. You claw the kobold brigand.
The kobold brigand is almost dead.
The two-headed ogre hits you with a +0 giant club!! x2
A yak comes into view.
You hit the kobold. Your headbutt misses the kobold.
The kobold is severely wounded.
The kobold brigand hits you with a +0 whip!
You block the kobold's attack.
The two-headed ogre hits you with a +0 giant club.
The two-headed ogre hits you with a +0 giant club!
* * * LOW HITPOINT WARNING * * *
You hit the kobold.
You feel a bit better.
You kill the kobold!
Kikubaaqudgha accepts your kill.
Your talons disappear.
The kobold brigand completely misses you.
The kobold closely misses you. You block the kobold brigand's attack.
The yak closely misses you.
A yak comes into view.
You see here a +0 club.
You hit the kobold brigand.
The kobold brigand is almost dead.
You howl as the wereblood boils in your veins!
The kobold barely misses you. The two-headed ogre closely misses you.
The two-headed ogre barely misses you. The kobold brigand closely misses you.
You hit the kobold brigand but do no damage.
The kobold brigand is almost dead.
The kobold closely misses you.
The kobold brigand hits you with a +0 whip!
The two-headed ogre hits you with a +0 giant club!!
* * * LOW HITPOINT WARNING * * *
The two-headed ogre hits you with a +0 giant club!!
You die...
Kikubaaqudgha rasps: "You have failed me!
Welcome... death!"

##.#####
#...<..#
#......#
#......#
...####......#
.............#
....###.##...#
.. #.O###.#
##K@K#.#
###YK..#
#Y#...# YK.(.#
K....##
....... .
.....# ...##
.....#
......##.....#


You could see a two-headed ogre, 3 yaks, a kobold brigand and 3 kobolds.

Vanquished Creatures
  Harold (D:8)
  Joseph (D:8)
  Maggie (D:6)
  An unseen horror (D:7)
  Sigmund (D:2)
  Edmund (D:6)
  2 acid dragons
  3 water moccasins
  2 black bears
  4 orc warriors
  An ice beast (D:6)
  A hornet zombie (D:7)
  2 ogres (D:7)
  A phantom (D:6)
  Blork the orc (D:4)
  3 bullfrogs (D:7)
  A wyvern zombie (D:8)
  2 scorpions (D:5)
  A water moccasin skeleton (D:4)
  A wyvern skeleton (D:6)
  7 killer bees
  9 wights
  3 jellies
  4 orc priests
  A hound (D:5)
  5 iguanas
  A scorpion zombie (D:5)
  Natasha (thrice) (D:3)
  4 orc wizards
  A killer bee zombie (D:8)
  10 adders
  4 gnolls
  3 white imps
  An ufetubus (D:7)
  A worm (D:3)
  A dart slug (D:3)
  29 orcs
  8 endoplasms
  A giant cockroach (D:1)
  8 goblins
  5 hobgoblins
  10 jackals
  4 quokkas
  6 ball pythons
  5 bats
  10 kobolds
  4 rats
179 creatures vanquished.

Vanquished Creatures (others)
  An orc wizard (D:8)
  A plant (D:7)
2 creatures vanquished.

Grand Total: 181 creatures vanquished

Notes
Turn   | Place    | Note
-------+----------+-------------------------------------------
     0 | D:1      | Spaninq the Demonspawn Transmuter began the quest for the
                  | Orb.
     0 | D:1      | Reached XP level 1. HP: 15/15 MP: 3/3
   608 | D:1      | Mutation became permanent: You have a pair of small horns
                  | on your head. [demonic ancestry]
   608 | D:1      | Gained mutation: You have a pair of horns on your head.
                  | [demonic ancestry]
   608 | D:1      | Reached XP level 2. HP: 20/21 MP: 3/5
   663 | D:1      | Reached skill level 3 in Unarmed Combat
   800 | D:1      | Found a faded altar of an unknown god.
   873 | D:1      | Became a worshipper of Kikubaaqudgha
   873 | D:1      | Reached * piety under Kikubaaqudgha
   873 | D:1      | Received a gift from Kikubaaqudgha
  1054 | D:1      | Learned a level 2 spell: Wereblood
  1148 | D:1      | You fall into a shaft and drop 1 floor!
  1336 | D:2      | Reached XP level 3. HP: 26/26 MP: 4/6
  1399 | D:2      | HP: 1/26 [poisoned by an adder]
  1817 | D:2      | Noticed Sigmund
  1839 | D:2      | HP: 1/27 [something/puff of flame (8)]
  1842 | D:2      | Killed Sigmund
  1843 | D:2      | Reached skill level 4 in Unarmed Combat
  1843 | D:2      | Gained mutation: A meltable shield of frost defends you.
                  | (SH +4) [demonic ancestry]
  1843 | D:2      | Reached XP level 4. HP: 22/34 MP: 4/7
  1843 | D:2      | Gained mutation: You are partially covered in slimy green
                  | scales. (AC +2) [demonic ancestry]
  1843 | D:2      | Reached XP level 5. HP: 25/39 MP: 4/8
  2301 | D:3      | Noticed Natasha
  2312 | D:3      | Killed Natasha
  2366 | D:3      | Noticed Natasha
  2380 | D:3      | Killed Natasha
  2381 | D:3      | Gained mutation: You are mostly covered in slimy green
                  | scales. (AC +3) [demonic ancestry]
  2381 | D:3      | Reached XP level 6. HP: 27/46 MP: 6/9
  2540 | D:3      | Reached ** piety under Kikubaaqudgha
  2694 | D:3      | Noticed Natasha
  2713 | D:3      | Killed Natasha
  2952 | D:3      | Found a snail-covered altar of Cheibriados.
  3863 | D:4      | Reached skill level 5 in Unarmed Combat
  3993 | D:4      | Reached XP level 7. HP: 52/52 MP: 6/10
  4075 | D:4      | Noticed Blork the orc
  4088 | D:4      | Learned a level 3 spell: Spider Form
  4127 | D:4      | Killed Blork the orc
  4127 | D:4      | Reached *** piety under Kikubaaqudgha
  4127 | D:4      | Received a gift from Kikubaaqudgha
  4658 | D:5      | Entered Level 5 of the Dungeon
  4690 | D:5      | Reached skill level 1 in Poison Magic
  4974 | D:5      | Found a shimmering blue altar of Sif Muna.
  5283 | D:5      | Found Zausaoto's Weapon Boutique.
  5286 | D:5      | Found Qucwogen's General Store.
  5378 | D:5      | Found Jaajue's Armour Shop.
  5461 | D:5      | Identified 2 scrolls of acquirement
  5461 | D:5      | Acquired 793 gold pieces
  5503 | D:5      | Reached XP level 8. HP: 20/60 MP: 9/11
  5803 | D:5      | Found an iron altar of Okawaru.
  6246 | D:6      | Acquired 558 gold pieces
  6304 | D:5      | Bought the +2 robe of Vines {NoPotionHeal Regen+++} for
                  | 1120 gold pieces
  6304 | D:5      | Found the +2 robe of Vines {NoPotionHeal Regen+++}
  6304 | D:5      | Bought a potion of heal wounds for 70 gold pieces
  6365 | D:6      | Reached skill level 6 in Unarmed Combat
  6407 | D:6      | Noticed Edmund
  6413 | D:6      | Found a staircase to the Ecumenical Temple.
  6437 | D:6      | Killed Edmund
  6835 | D:6      | Noticed Maggie
  6869 | D:6      | Gained mutation: You have a pair of horns on your head.
                  | [demonic ancestry]
  6869 | D:6      | Reached XP level 9. HP: 22/66 MP: 12/14
  6877 | D:6      | Killed Maggie
  6878 | D:6      | Reached skill level 7 in Unarmed Combat
  6943 | D:6      | Reached **** piety under Kikubaaqudgha
  6944 | D:6      | Reached skill level 5 in Fighting
  7018 | D:6      | Found a radiant altar of Vehumet.
  7268 | Temple   | Entered the Ecumenical Temple
  7391 | D:7      | Found Buttela's Armour Shop.
  7428 | D:7      | Reached skill level 5 in Dodging
  7428 | D:7      | Reached skill level 5 in Transmutations
  7710 | D:7      | Found a shadowy altar of Dithmenos.
  7839 | D:7      | Killed an unseen horror
  8139 | D:8      | Noticed Harold
  8190 | D:8      | Reached skill level 8 in Unarmed Combat
  8362 | D:8      | Noticed Joseph
  8396 | D:8      | Killed Joseph
  8397 | D:8      | Reached XP level 10. HP: 13/76 MP: 0/17
  8997 | D:8      | Noticed an angel
  9064 | D:8      | Reached skill level 5 in Spellcasting
  9397 | D:7      | Found an ancient bone altar of Kikubaaqudgha.
  9431 | D:9      | Noticed a two-headed ogre
  9647 | D:8      | Killed Harold
  9688 | D:9      | Demolished by a two-headed ogre

Illustrated notes

Levels and vault maps discovered:
D:1:      lightli_arrival_windingriver, layout_basic,
          hellmonk_ecumenical_altar_lost_god
D:2:      layout_basic, kennysheep_small_spiral, hangedman_decor_peaks_small,
          uniq_sigmund
D:3:      layout_basic, cheibrodos_worm_habitat, uniq_natasha
D:4:      layout_basic, serial_rivers, chequers_serial_rivers_micro_a,
          chequers_serial_rivers_micro_c, chequers_serial_rivers_micro_e,
          chequers_serial_rivers_marsh, corexii_hall_statues_x,
          minmay_misc_feat_diagonals, minmay_fractal_squares_diagonal_5,
          uniq_blork_the_orc
D:5:      layout_loops_corners, mainiacjoe_overflow_alcove_2, led_sif_book,
          serial_shops, shop, shop, nicolae_shop_waterfront
D:6:      layout_basic, nicolae_vehumet_altar_sigil,
          minmay_temple_entry_junction_2, grunt_decor_cap,
          chequers_serial_rivers_micro_d, uniq_maggie, uniq_edmund
D:7:      cheibrodos_two_vegetables, layout_cave_pools,
          nicolae_overflow_hidden_temple, serial_shops, nicolae_stop_n_shop_1,
          chequers_serial_rivers_small_b
D:8:      layout_basic, zin_angel, chequers_garden, uniq_harold, uniq_joseph
D:9:      layout_rooms, erik_lair_dragon, serial_shops, shop
Temple:   nicolae_temple_hex_pool

Skill      XL: |  1  2  3  4  5  6  7  8  9 10 |
---------------+-------------------------------+-----
Dodging        | 2 3 4 5 6 |  6.0
Unarmed Combat | 3 4 5 6 8 |  8.8
Transmutations | 2 3 4 5 6 |  6.0
Fighting       | 2 3 4 5 6 |  6.3
Poison Magic   | 2 3 |  3.0
Spellcasting   | 3 4 5 |  5.2

Action                   |  1- 3 |  4- 6 |  7- 9 | 10-12 || total
-------------------------+-------+-------+-------+-------++-------
Melee: Unarmed           |    91 |   167 |   517 |   122 ||   897
       Headbutt          |    15 |    32 |    72 |    16 ||   135
       Kick              |    14 |    36 |    92 |    37 ||   179
       Punch             |       |     2 |    12 |     5 ||    19
 Cast: Beastly Appendage |    16 |    21 |    37 |    11 ||    85
       Wereblood         |     1 |    16 |    24 |     4 ||    45
       Spider Form       |       |       |    10 |       ||    10
Evoke: Wand              |       |       |     1 |     1 ||     2
  Use: Potion            |     2 |       |     3 |       ||     5
       Scroll            |       |       |    19 |       ||    19
 Stab: Sleeping          |       |       |     1 |       ||     1
Armor: Robe              |    19 |    35 |    98 |    30 ||   182
       Skin              |       |       |     3 |       ||     3
Dodge: Dodged            |    48 |    94 |   304 |   122 ||   568
Block: Other             |       |    35 |    70 |    33 ||   138
